 Dungeon Crawl Stone Soup version 0.31-a0-233-g139696dc86 (webtiles) character file.

Game seed: 6501360101110249938

268 freelancePsychic the Slasher (level 5, 0/44 HPs)
             Began as a Demigod Gladiator on July 7, 2023.
             Slain by a gnoll
             ... wielding a +0 whip
             ... led by a gnoll sergeant
              (4 damage)
             ... on level 3 of the Dungeon.
             The game lasted 00:06:20 (3496 turns).

freelancePsychic the Slasher (Demigod Gladiator)    Turns: 3496, Time: 00:06:20

Health: 0/44       AC:  8    Str: 12 (15) XL:     5   Next: 68%
Magic:  7/7        EV: 11    Int: 10      God:
Gold:   182        SH:  0    Dex: 19      Spells: 4/4 levels left

rFire   . . .        a - +0 long sword
rCold   . . .        (no shield)
rNeg    . . .        k - +2 ring mail {rPois}
rPois   +            c - +0 helmet
rElec   .            (no cloak)
rCorr   .            (no gloves)
SInv    .            (no boots)
Will    .....        (no amulet)
Stlth   ++           (no ring)
HPRegen 0.27/turn    (no ring)
MPRegen 0.10/turn

%: no passive effects
@: no status effects
A: high MP 1, forlorn, divine attributes
a: no special abilities


You were on level 3 of the Dungeon.
You visited 1 branch of the dungeon, and saw 4 of its levels.

You collected 182 gold pieces.

Inventory:

Hand Weapons
 a - a +0 long sword (weapon)
Missiles
 d - 2 throwing nets (quivered)
 o - 12 boomerangs
Armour
 b - a +0 leather armour of fire resistance
 c - a +0 helmet (worn)
 k - a +2 ring mail of poison resistance (worn)
 l - a +1 chain mail of poison resistance
Wands
 n - a wand of flame (6)
Scrolls
 g - a scroll of fog
 h - a scroll of teleportation {@r4}
Potions
 i - a potion of degeneration
 j - a potion of magic {unknown}
 m - a potion of ambrosia {unknown}


   Skills:
 + Level 2.9 Fighting
 * Level 4.3 Long Blades
 - Level 1.7 Throwing
 - Level 2.6 Dodging
 * Level 3.6 Stealth


You had 4 spell levels left.
You didn't know any spells.
Your spell library contained the following spells:

 Spells                   Type           Power      Damage    Failure   Level
 Apportation              Tloc           0%         N/A       65%         1
 Summon Small Mammal      Summ           0%         N/A       65%         1
 Sublimation of Blood     Necr           0%         N/A       78%         2
 Wereblood                Tmut           0%         N/A       78%         2
 Call Canine Familiar     Summ           0%         N/A       95%         3
 Summon Guardian Golem    Hex/Summ       0%         N/A       95%         3
 Tukima's Dance           Hex            0%         N/A       95%         3
 Passage of Golubria      Tloc           0%         N/A       100%        4
 Alistair's Intoxication  Tmut/Pois      0%         N/A       100%        5
 Yara's Violent Unravell  Hex/Tmut       0%         3d3       100%        5
 Summon Hydra             Summ           0%         N/A       100%        7


Dungeon Overview and Level Annotations

Branches:
Dungeon (4/15)             Temple (0/1) D:4

Annotations:
D:3 2 transporters, Tollund's ghost, amateur MeEE


Innate Abilities, Weirdness & Mutations

You have an increased reservoir of magic. (+10% MP)
You shall have no god before yourself.
Your divine heritage dramatically boosts your attributes as you level up.


Message History

The silver javelin pierces through the gnoll!
The gnoll is almost dead.
The silver javelin pierces through the gnoll.
The gnoll is heavily wounded.
The silver javelin pierces through the gnoll!
You kill the gnoll!
A nearby plant withers and dies. x2; The gnoll sergeant closely misses you.
A nearby plant withers and dies.
The gnoll sergeant hits you from afar with a +0 spear!
The gnoll sergeant hits you from afar with a +0 spear.
You hit the gnoll.
You kill the gnoll!
The gnoll sergeant hits you from afar with a +0 spear.
A nearby plant withers and dies.
The gnoll barely misses you. The gnoll sergeant misses you.
The gnoll barely misses you.
You climb upwards.
Level annotation: 2 transporters, Tollund's ghost, amateur MeEE
There is a stone staircase leading down here.
You are too injured to fight recklessly!
You closely miss the gnoll.
The gnoll is moderately wounded.
The gnoll hits you with a +0 whip!
You closely miss the gnoll.
The gnoll is moderately wounded.
The gnoll closely misses you. The gnoll hits you with a +0 whip.
You hit the gnoll.
The gnoll is severely wounded.
The gnoll hits you with a +0 whip.
* * * LOW HITPOINT WARNING * * *
You closely miss the gnoll.
The gnoll is severely wounded.
The gnoll hits you with a +0 whip!
* * * LOW HITPOINT WARNING * * *
Throw: 3 throwing nets
Press: ? - help, Q - select action, (/) - cycle Shift-Dir - straight line, f - gnoll
Aim: a gnoll, wielding a +0 whip (severely wounded, 65% to hit)
You throw a throwing net.
The throwing net barely misses the gnoll.
The gnoll hits you with a +0 whip.
You die...

##.# #.#########.### ##.# #.#
##.########## ##.# #.#
#............ ...#########.#
#..#......... .............#
#..#.#######. ################
#..#.# #. ...............###
#..#.##### #. ##############...#
#..#.....# #. .............'..@#
#..#..##.# #. ..############..g#
#..#g.<#.# #. #.........)# #.#.#
#..#...#.# #† ...........# #.#.#
#..#.###.###.
##.........###.#.####..#.......#.
#.........'.................#.#.
##.........###.#.#############.#.
.........### #.#(# #.#.
.........# #.#.###### #.#.


You could see a gnoll.

Vanquished Creatures
  A phantom (D:2)
  An iguana (D:3)
  6 gnolls
  2 adders
  3 worms (D:2)
  2 dart slugs (D:3)
  6 orcs
  8 bats
  5 endoplasms
  3 giant cockroaches
  9 goblins
  2 hobgoblins
  3 jackals (D:1)
  5 quokkas
  8 ball pythons
  A frilled lizard (D:2)
  6 kobolds
  7 rats
78 creatures vanquished.

Notes
Turn   | Place    | Note
-------+----------+-------------------------------------------
     0 | D:1      | freelancePsychic the Demigod Gladiator began the quest for
                  | the Orb.
     0 | D:1      | Reached XP level 1. HP: 17/17 MP: 3/3
   241 | D:1      | Reached skill level 1 in Stealth
   241 | D:1      | Reached XP level 2. HP: 14/24 MP: 4/4
   306 | D:1      | Reached skill level 3 in Long Blades
  1278 | D:2      | Reached XP level 3. HP: 29/29 MP: 5/5
  2004 | D:3      | Noticed a phantom
  2096 | D:2      | Reached XP level 4. HP: 37/37 MP: 6/6
  2139 | D:3      | Found a transporter.
  2326 | D:3      | Found a transporter.
  2652 | D:2      | Killed a phantom
  2653 | D:2      | Reached skill level 4 in Long Blades
  2653 | D:2      | Reached XP level 5. HP: 42/42 MP: 7/7
  2790 | D:3      | Noticed Tollund's ghost (amateur MeEE)
  3400 | D:4      | Found a staircase to the Ecumenical Temple.
  3496 | D:3      | Slain by a gnoll

Illustrated notes

Levels and vault maps discovered:
D:1:      evilmike_arrival_rings, layout_basic
D:2:      layout_loops_cross, hellmonk_ecumenical_altar_heavens_door,
          basic_altar
D:3:      layout_basic, gammafunk_ghost_stat_death
D:4:      layout_gridville, minmay_temple_entry_stoned_glass,
          nicolae_grassy_gnolls

Skill      XL: |  1  2  3  4 |
---------------+-------------+-----
Fighting       | 2 |  2.9
Stealth        | 1 2 3 |  3.6
Long Blades    | 3 4 |  4.3
Throwing       | |  1.7
Dodging        | |  2.6

Action                     |  1- 3 |  4- 6 || total
---------------------------+-------+-------++-------
  Melee: Long sword        |   144 |    88 ||   232
         Punch             |     1 |     1 ||     2
  Throw: Javelin           |     1 |     3 ||     4
         Throwing net      |     1 |     2 ||     3
  Evoke: Wand              |       |     7 ||     7
    Use: Scroll            |     3 |     3 ||     6
         Potion            |       |     2 ||     2
   Stab: Sleeping          |     4 |     4 ||     8
         Distracted        |       |     1 ||     1
         Held in net/web   |       |     1 ||     1
 Armour: Leather armour    |    52 |       ||    52
         Ring mail         |     4 |    53 ||    57
  Dodge: Dodged            |    92 |    58 ||   150

Table legend: (Time is in decaauts)
 A = Elapsed time spent in this place.
 B = Non-inter-level travel time spent in this place.
 C = Inter-level travel time spent in this place.
 D = Time resting spent in this place.
 E = Time spent auto-exploring this place.
 F = Levels seen in this place.
 G = Mean time per level.
                   A        B        C        D        E       F      G
               +--------+--------+--------+--------+--------+-----+--------+
         Total |   3538 |   3331 |    207 |    229 |   2307 |   4 |  884.5 |
       Dungeon |   3538 |   3331 |    207 |    229 |   2307 |   4 |  884.5 |
               +--------+--------+--------+--------+--------+-----+--------+

Top non-repeatable levels by time:
     D:1: 1275 daAuts
     D:2: 1146 daAuts
     D:3: 1006 daAuts
     D:4: 110 daAuts
